cohdb
Replays
Latest Replays
All Replays
Popular Replays
Top Player Replays
Match Explorer
How It Works
Community
CoH3 Stats
Reddit
Sign in to upload your games and track your stats! →
Sign in with Steam
Match 47288637
Unlisted
Match 47288637
Overview
Messages
Build Orders
End
Kradschützen Motorcycle Team
Selects Panzerjäger Kommand Battlegroup
Selects Blockade Equipment
Panzergrenadier Squad
Panzerpioneer Squad
250 Light Carrier
Construct Light Support Kompanie
Panzergrenadier Squad
Selects GrB 39 Grenade Launcher Requisition
Saxil
FLOKL
mayomeyo
Torototo2
Visetiisen
Geffery
0
0
Comments
sign in to comment!
No comments posted yet!